 Dungeon Crawl Stone Soup version 0.26-a0-519-gb2f46ef (webtiles) character file.

Game seed: 18209295482055711153

67 sauken the Insei (level 4, -6/35 HPs)
             Began as a Barachi Warper on Aug 11, 2020.
             Mangled by a worker ant (7 damage)
             ... on level 4 of the Dungeon.
             The game lasted 00:05:18 (814 turns).

sauken the Insei (Barachi Warper)                    Turns: 814, Time: 00:05:18

Health: -6/35      AC:  3    Str: 12    XL:     4   Next: 18%
Magic:  2/7        EV: 12    Int: 14    God:
Gold:   62         SH:  0    Dex: 12    Spells: 2/7 levels left

rFire    . . .     SeeInvis +     - Unarmed
rCold    . . .     Faith    .   (no shield)
rNeg     . . .     Spirit   .   a - +0 leather armour
rPois    .         Reflect  .   (no helmet)
rElec    .         Harm     .   (no cloak)
rCorr    .                      (no gloves)
MR       .....                  (no boots)
Stlth    +.........             (no amulet)
HPRegen  0.11/turn              S - ring of see invisible
MPRegen  0.10/turn              (no ring)

@: lethally poisoned (-6 -> -14), very slightly contaminated, slow
A: +LOS, swims, slowness 1, strong legs 1
a: Hop


You were on level 4 of the Dungeon.
You visited 1 branch of the dungeon, and saw 4 of its levels.

You collected 62 gold pieces.

Inventory:

Hand Weapons
 c - a +0 hunting sling
Missiles
 b - 5 boomerangs
 d - 5 boomerangs of dispersal {=f}
 Q - 21 stones (quivered)
Armour
 a - a +0 leather armour (worn)
Jewellery
 S - a ring of see invisible (left hand)
Scrolls
 i - a scroll of identify
 t - a scroll of teleportation
Potions
 f - a potion of heal wounds


   Skills:
 + Level 3.5 Fighting
 - Level 1.0 Throwing
 - Level 1.2 Armour
 - Level 2.1 Dodging
 * Level 4.1 Unarmed Combat
 - Level 2.1 Spellcasting
 - Level 3.2 Translocations


You had 2 spell levels left.
You knew the following spells:

 Your Spells              Type           Power        Failure   Level
a - Teleport Other        Tloc           ##......     22%         3
b - Blink                 Tloc           N/A          12%         2

Your spell library contained the following spells:

 Spells                   Type           Power        Failure   Level
 Gell's Gravitas          Tloc           ##........   22%         3
 Lesser Beckoning         Tloc           ##........   22%         3
 Passage of Golubria      Tloc           N/A          58%         4


Dungeon Overview and Level Annotations

Branches:
Dungeon (4/15)
 Temple: D:4-7

Altars:
Ashenzari
Vehumet

Annotations:
D:2 Terence


Innate Abilities, Weirdness & Mutations

You can be seen from farther away. (+LOS)
You can swim through water.
You cover ground slowly.
You can hop short distances.


Message History

* * * LOW HITPOINT WARNING * * *
You take 8 damage, and have 8/35 hp.
GAME OVER YEAH!!
You closely miss the worker ant. The worker ant closely misses you.
Unknown command.
You hit the worker ant.
You feel sick. The worker ant bites you.
* * * LOW HITPOINT WARNING * * *
You are more poisoned.
The worker ant poisons you!
You take 4 damage, and have 4/35 hp.
Unknown command.
You hit the worker ant but do no damage.
* * * LOW HITPOINT WARNING * * *
You feel sick. The worker ant bites you.
* * * LOW HITPOINT WARNING * * *
You take 2 damage, and have 2/35 hp.
You barely miss the worker ant.
* * * LOW HITPOINT WARNING * * *
You feel sick. The worker ant barely misses you. The worker ant bites you!
You die...

..##.# ###. ......
..... ..#.. .(...
...##.... #......
###..... #.....#
#####.##..#
##.......a@#
##..###.###.# ..###..#
#... #######.##..##
###.# #.......#..## .#
#...........#### .
#.........#....###...
#.....................
#..................#.#

Skill      XL: |  1  2  3 |
---------------+----------+-----
Unarmed Combat | 3 4 |  4.1
Fighting       | 3 |  3.5
Throwing       | |  1.0
Armour         | |  1.2
Dodging        | |  2.1
Spellcasting   | |  2.1
Translocations | |  3.2

Notes
Turn   | Place    | Note
-------+----------+-------------------------------------------
     0 | D:1      | sauken the Barachi Warper began the quest for the Orb.
     0 | D:1      | Reached XP level 1. HP: 17/17 MP: 3/3
   349 | D:1      | Reached XP level 2. HP: 15/23 MP: 5/5
   400 | D:1      | Learned a level 2 spell: Blink
   412 | D:2      | Found a radiant altar of Vehumet.
   445 | D:2      | Found a shattered altar of Ashenzari.
   499 | D:2      | Noticed Terence
   551 | D:3      | Reached skill level 3 in Unarmed Combat
   639 | D:3      | Reached skill level 3 in Fighting
   639 | D:3      | Reached XP level 3. HP: 21/29 MP: 1/6
   656 | D:3      | Learned a level 3 spell: Teleport Other
   690 | D:4      | Reached skill level 4 in Unarmed Combat
   690 | D:4      | Reached XP level 4. HP: 32/35 MP: 1/7
   810 | D:4      | HP: 8/35 [worker ant (7)]
   813 | D:4      | HP: 3/35 [poisoned by a worker ant]
   814 | D:4      | HP: 1/35 [poisoned by a worker ant]
   814 | D:4      | Mangled by a worker ant

Table legend: (Time is in decaauts)
 A = Elapsed time spent in this place.
 B = Non-inter-level travel time spent in this place.
 C = Inter-level travel time spent in this place.
 D = Time resting spent in this place.
 E = Time spent auto-exploring this place.
 F = Levels seen in this place.
 G = Mean time per level.
                   A        B        C        D        E       F      G
               +--------+--------+--------+--------+--------+-----+--------+
         Total |    878 |    878 |      0 |    209 |    126 |   4 |  219.5 |
       Dungeon |    878 |    878 |      0 |    209 |    126 |   4 |  219.5 |
               +--------+--------+--------+--------+--------+-----+--------+

Top non-repeatable levels by time:
     D:1: 433 daAuts
     D:4: 176 daAuts
     D:2: 150 daAuts
     D:3: 118 daAuts

Table legend:
 A = Kills in this place as a percentage of kills in entire the game.
 B = Kills by you in this place as a percentage of kills by you in the entire game.
 C = Kills by friends in this place as a percentage of kills by friends in the entire game.
 D = Other kills in this place as a percentage of other kills in the entire game.
 E = Experience gained in this place as a percentage of experience gained in the entire game.
 F = Experience gained in this place divided by the number of levels of this place that you have seen.
                   A       B       C       D       E      F
               +-------+-------+-------+-------+-------+----------------------
         Total | 100.0 | 100.0 |   N/A |   N/A | 100.0 |  24.2
       Dungeon | 100.0 | 100.0 |   N/A |   N/A | 100.0 |  24.2
               +-------+-------+-------+-------+-------+----------------------

Action                   |  1- 3 |  4- 6 || total
-------------------------+-------+-------++-------
Melee: Unarmed           |    70 |    10 ||    80
       Punch             |     3 |       ||     3
       Hunting sling     |     1 |       ||     1
 Fire: Hunting sling     |    21 |     3 ||    24
Throw: Stone             |    13 |     8 ||    21
 Cast: Blink             |     5 |     1 ||     6
       Teleport Other    |     1 |       ||     1
 Abil: Hop               |     2 |       ||     2
  Use: Scroll            |     2 |     2 ||     4
       Potion            |     4 |       ||     4
Armor: Leather armour    |    33 |     2 ||    35
Dodge: Dodged            |    95 |    13 ||   108

Vanquished Creatures
  An iguana (D:3)
  A worker ant (D:4)
  An orc (D:4)
  A giant cockroach (D:2)
  3 goblins
  2 hobgoblins (D:1)
  A ball python (D:3)
  3 bats
  3 kobolds
  2 rats
18 creatures vanquished. You could see a worker ant.

Levels and vault maps discovered:
D:1:      co_arrival_random_square_maze, layout_rooms
D:2:      layout_rooms, nicolae_overflow_hidden_temple, lemuel_doored_altar,
          lemuel_crystal_altar, kennysheep_generic_room_4, uniq_jessica,
          uniq_terence
D:3:      kennysheep_goblin_castle, layout_basic,
          nemelex_xobeh_ov_fountains_minmay, lemuel_coloured_pillars_altar,
          grunt_decor_fettered, minmay_misc_feat_encased, lemuel_blue_sif_altar,
          uniq_grinder
D:4:      layout_rooms, nemelex_dance_club_becter
